AoeStats
← 放羊老汉

Arena

510013990Analyzed
4v4 RM · 3d ago on Sep 29, 2026· 58m 31s· 8 players
Game mode
Random Map
Map size
Large (8 player)
Population
200
Speed
Normal
Resources
Standard
Victory
Conquest
Starting age
Dark Age
Ending age
Imperial Age
RankedLock teamsTeams togetherTeam positionsShared explorationLock speedFull tech treeHidden civsTurbo modeCheats
Victory
Defeat
🇨🇦 Wu · Canada
1399
+10
🇺🇸 Gurjaras · United States
1392
+10
🇭🇰 Wei · Hong Kong SAR China
1256
+15
🇨🇦 Celts · Canada
1130
+21
🇺🇸 Byzantines · United States
1329
-17
🇦🇷 Lithuanians · Argentina
1265
-15
🇨🇱 Danes · Chile
1203
-12
🇺🇸 Persians · United States
1193
-12
1
10:54 Feudal Age
11:41 Double-Bit Axe
12:04 Horse Collar
14:40 Castle Age
15:34 Bow Saw
21:54 Wheelbarrow
23:55 Heavy Plow
24:39 Hand Cart
24:40 Stone Mining
25:08 Gold Mining
26:44 Stone Shaft Mining
29:39 Imperial Age
28:05 Scale Barding Armor
28:10 Forging
28:29 Bloodlines
28:20 Husbandry
28:45 Husbandry
29:27 Chain Barding Armor
30:52 Iron Casting
29:46 Elite Leitis
31:21 Plate Barding Armor
31:10 Fletching
32:35 Conscription
SLAMCOW
9:50 Feudal Age
11:24 Double-Bit Axe
15:42 Castle Age
15:52 Horse Collar
16:45 Bow Saw
17:57 Wheelbarrow
17:35 Loom
22:58 Hand Cart
25:29 Heavy Plow
27:17 Stone Mining
27:18 Gold Mining
31:36 Imperial Age
29:52 Crossbowman
30:37 Thumb Ring
30:24 Fletching
30:35 Padded Archer Armor
31:05 Redemption
31:30 Bodkin Arrow
31:41 Scale Barding Armor
31:46 Forging
32:34 Block Printing
33:51 Chemistry
33:24 Bracer
33:39 Leather Archer Armor
33:27 Elite Skirmisher
34:13 Thumb Ring
35:07 Ballistics
35:34 Ring Archer Armor
42:56 Murder Holes
49:57 Gold Shaft Mining
SLAMFOX
11:48 Feudal Age
13:23 Double-Bit Axe
15:59 Castle Age
14:00 Horse Collar
22:51 Heavy Plow
23:36 Wheelbarrow
24:11 Bow Saw
26:21 Hand Cart
31:53 Imperial Age
29:33 Gold Mining
29:33 Stone Mining
30:00 Forging
29:55 Scale Barding Armor
31:41 Iron Casting
31:12 Devotion
31:26 Bloodlines
31:16 Husbandry
31:42 Elite War Elephant
34:42 Blast Furnace
34:02 Chain Barding Armor
35:07 Conscription
35:51 Crop Rotation
37:56 Plate Barding Armor
38:26 Onager
40:15 Chemistry
39:35 Ballistics
Chelowolf
9:35 Feudal Age
10:08 Loom
10:58 Double-Bit Axe
15:27 Castle Age
13:51 Arson
17:22 Horse Collar
18:22 Fletching
Mr. V
10:00 Feudal Age
13:44 Castle Age
11:41 Double-Bit Axe
12:14 Horse Collar
18:49 Loom
19:36 Squires
19:48 Gold Mining
19:44 Pikeman
22:07 Wheelbarrow
21:36 Scale Mail Armor
23:42 Bow Saw
23:38 Heavy Plow
23:38 Arson
24:15 Bloodlines
24:05 Husbandry
24:21 Stone Mining
24:39 Fletching
24:49 Padded Archer Armor
26:36 Hand Cart
25:55 Elite Skirmisher
26:41 Town Watch
26:52 Bodkin Arrow
27:13 Leather Archer Armor
29:43 Imperial Age
27:46 Bodkin Arrow
28:06 Leather Archer Armor
28:19 Red Cliffs Tactics
29:16 Leather Archer Armor
29:41 Ballistics
30:41 Chain Mail Armor
30:37 Forging
31:01 Bracer
32:08 Chemistry
32:44 Gold Shaft Mining
32:46 Stone Shaft Mining
33:12 Two-Man Saw
32:35 Town Watch
33:14 Conscription
32:37 Halberdier
33:41 Town Patrol
34:31 Plate Mail Armor
34:36 Iron Casting
34:09 Treadmill Crane
34:40 Masonry
34:05 Elite Fire Archer
36:42 Sitting Tiger
37:02 Bloodlines
36:52 Husbandry
36:59 Scale Barding Armor
37:55 Blast Furnace
37:34 Heavy Hei Guang Cavalry
40:18 Chain Barding Armor
43:37 Plate Barding Armor
44:20 Architecture
43:46 Murder Holes
44:11 Caravan
45:24 Coinage
45:04 Guilds
49:49 Banking
50:02 Fervor
51:44 Onager
57:04 Spies/Treason
Reshi
10:59 Feudal Age
12:19 Wheelbarrow
11:32 Double-Bit Axe
11:51 Horse Collar
12:30 Town Watch
15:41 Castle Age
16:40 Bow Saw
23:21 Hand Cart
24:08 Loom
24:29 Heavy Plow
25:55 Caravan
32:04 Imperial Age
32:19 Ballistics
32:11 Masonry
32:34 Heavy Scorpion
33:25 Town Patrol
34:44 Chemistry
34:07 Siege Engineers
35:24 Siege Engineers
35:55 Furor Celtica
36:05 Conscription
WX_Lancer
10:30 Feudal Age
14:47 Castle Age
12:52 Double-Bit Axe
13:23 Horse Collar
20:43 Loom
23:17 Wheelbarrow
24:20 Bow Saw
25:31 Gold Mining
26:21 Hand Cart
29:33 Imperial Age
27:36 Bloodlines
27:31 Husbandry
27:59 Forging
27:55 Scale Barding Armor
28:08 Stone Mining
28:22 Heavy Plow
28:51 Treadmill Crane
29:28 Kshatriyas
29:50 Chain Barding Armor
30:00 Town Watch
29:53 Heavy Camel Rider
31:34 Frontier Guards
31:35 Conscription
31:54 Gold Shaft Mining
31:52 Crop Rotation
32:44 Plate Barding Armor
33:50 Iron Casting
35:37 Scale Mail Armor
35:27 Fletching
35:38 Padded Archer Armor
39:12 Masonry
40:05 Chemistry
39:26 Ballistics
38:57 Heated Shot
39:17 Fortified Wall
38:57 Guard Tower
39:28 Shipwright
39:18 Clinker Construction
39:04 Murder Holes
38:56 Light Cavalry
39:40 Elite Shrivamsha Rider
39:53 Hussar
41:34 Stone Shaft Mining
41:34 Architecture
41:17 Careening
44:36 Elite Shrivamsha Rider
47:54 Caravan
48:24 Coinage
54:21 Keep
54:08 Carvel Hull
放羊老汉
10:28 Feudal Age
11:24 Gold Mining
11:15 Horse Collar
11:24 Double-Bit Axe
11:43 Stone Mining
13:21 Loom
18:27 Castle Age
19:20 Heavy Plow
19:36 Bow Saw
20:19 Heavy Plow
22:09 Stone Shaft Mining
29:19 Imperial Age
27:46 Husbandry
27:57 Bloodlines
28:11 Forging
28:06 Scale Barding Armor
28:08 Tuntian
28:13 Town Watch
29:10 Wheelbarrow
30:02 Iron Casting
29:22 Heavy Hei Guang Cavalry
30:29 Ming Guang Armor
31:09 Crop Rotation
31:32 Gold Shaft Mining
31:37 Hand Cart
38:49 Chain Barding Armor
39:29 Blast Furnace
37:52 Light Cavalry
40:52 Hussar
47:27 Conscription
46:29 Elite Tiger Cavalry
47:44 Hoardings
47:43 Coinage
47:14 Caravan
47:16 Scale Mail Armor
47:16 Padded Archer Armor
47:06 Fletching
46:40 Heavy Scorpion
46:40 Onager
46:41 Capped Ram
46:50 Pikeman
46:51 Man-at-Arms
47:31 Squires
47:16 Arson
49:00 Ballistics
49:40 Chemistry
48:30 Heated Shot
48:21 Treadmill Crane
48:51 Masonry
48:37 Murder Holes
48:52 Fortified Wall
48:32 Guard Tower
48:53 Clinker Construction
48:54 Careening
50:50 Long Swordsman
50:50 Halberdier
52:08 Banking
51:55 Chain Mail Armor
51:55 Leather Archer Armor
51:36 Bodkin Arrow
53:12 Siege Ram
54:26 Ring Archer Armor
53:20 Two-Handed Swordsman
54:40 Keep
54:25 Carvel Hull
57:34 Bracer
57:42 Town Patrol
Connection lost

Rejoining the realm…

Still unreachable

The connection could not be restored.

Session expired

The server has moved on; the page needs a fresh start.